| TOP OF THE 1ST |
|
Gastonia Rockets batting - Pitching for Anderson Rebels : RHP Steven Smith
|
|
Pitching: RHP Steven Smith
|
|
|
Batting: RHB Glenn Jones
|
0-0: Ball 1-0: Fly out, F8 (Line Drive, 8RD, EV 105.6 MPH)
|
|
Batting: RHB Jackie Wright
|
0-0: Called Strike 0-1: Fly out, F3 (Popup, 3S, EV 75.6 MPH)
|
|
Batting: LHB Dale Holman
|
0-0: Foul Ball, location: 2F 0-1: DOUBLE (Line Drive, 7LS, EV 98.1 MPH)
|
|
Batting: RHB Mark Davidson
|
0-0: Called Strike 0-1: Ground out 6-3 (Groundball, P, EV 85.6 MPH)
|
| Top of the 1st over - 0 runs, 1 hit, 0 errors, 1 left on base; Gastonia 0 - Anderson 0 |
| BOTTOM OF THE 1ST |
|
Anderson Rebels batting - Pitching for Gastonia Rockets : RHP Ramon Amancio
|
|
Pitching: RHP Ramon Amancio
|
|
|
Batting: LHB Eli Aldridge
|
0-0: Ground out 6-3 (Groundball, 56, EV 108.8 MPH)
|
|
Batting: RHB Mike Gallego
|
0-0: Ball 1-0: Foul Ball, location: 2F 1-1: Called Strike 1-2: Ball 2-2: Ground out 6-3 (Groundball, 6, EV 83.1 MPH)
|
|
Batting: RHB Henry Cotto
|
0-0: Called Strike 0-1: Ball 1-1: Swinging Strike 1-2: Ground out U3 (Groundball, 3, EV 105.6 MPH)
|
| Bottom of the 1st over - 0 runs, 0 hits, 0 errors, 0 left on base; Gastonia 0 - Anderson 0 |
| TOP OF THE 2ND |
|
Gastonia Rockets batting - Pitching for Anderson Rebels : RHP Steven Smith
|
|
Batting: LHB Reginald Thomas
|
0-0: Ball 1-0: Swinging Strike 1-1: Ball 2-1: Ball 3-1: Base on Balls
|
|
Batting: RHB James Crawford
|
0-0: Ball 1-0: Called Strike 1-1: Ball 2-1: Called Strike 2-2: Ball 3-2: Foul Ball, location: 2F 3-2: Foul Ball, location: 2F 3-2: Base on Balls Reginald Thomas to second
|
|
Batting: RHB Pat Dumouchelle
|
0-0: Called Strike 0-1: Called Strike 0-2: Fly out, F8 (Flyball, 8RD, EV 100.0 MPH)
|
|
Batting: RHB Donald Murelli
|
0-0: Called Strike 0-1: Ball 1-1: Ball 2-1: Ground out 3-1 (Groundball, 34S, EV 76.3 MPH) Reginald Thomas to third James Crawford to second
|
|
Batting: RHB Greg Tarnow
|
0-0: Ball 1-0: Ground out 5-3 (Groundball, 56, EV 78.1 MPH)
|
| Top of the 2nd over - 0 runs, 0 hits, 0 errors, 2 left on base; Gastonia 0 - Anderson 0 |
| BOTTOM OF THE 2ND |
|
Anderson Rebels batting - Pitching for Gastonia Rockets : RHP Ramon Amancio
|
|
Batting: RHB Steve Lombardozzi
|
0-0: Fly out, F8 (Flyball, 89S, EV 88.8 MPH)
|
|
Batting: RHB Bob Brower
|
0-0: Ball 1-0: Called Strike 1-1: Ball 2-1: Ball 3-1: Foul Ball, location: 2F 3-2: Strikes out swinging
|
|
Batting: RHB Todd Demeter
|
0-0: Ball 1-0: Hit by Pitch
|
|
Batting: RHB Juan Blanco
|
0-0: Ground out 5-3 (Groundball, 56S, EV 87.5 MPH)
|
| Bottom of the 2nd over - 0 runs, 0 hits, 0 errors, 1 left on base; Gastonia 0 - Anderson 0 |
| TOP OF THE 3RD |
|
Gastonia Rockets batting - Pitching for Anderson Rebels : RHP Steven Smith
|
|
Batting: RHB Glenn Jones
|
0-0: Swinging Strike 0-1: Ball 1-1: Called Strike 1-2: Ball 2-2: Ground out 3-1 (Groundball, 34, EV 78.1 MPH)
|
|
Batting: RHB Jackie Wright
|
0-0: Fly out, F9 (Flyball, 89D, EV 95.0 MPH)
|
|
Batting: LHB Dale Holman
|
0-0: Ground out 6-3 (Groundball, 56, EV 86.9 MPH)
|
| Top of the 3rd over - 0 runs, 0 hits, 0 errors, 0 left on base; Gastonia 0 - Anderson 0 |
| BOTTOM OF THE 3RD |
|
Anderson Rebels batting - Pitching for Gastonia Rockets : RHP Ramon Amancio
|
|
Batting: RHB Pat Dempsey
|
0-0: Ball 1-0: Ball 2-0: Ball 3-0: Base on Balls
|
|
Batting: LHB Tad Venger
|
0-0: Called Strike 0-1: Fielders Choice at 2nd, 5-4 (Groundball, 5, EV 101.9 MPH)
|
|
Batting: LHB Eli Aldridge
|
0-0: SINGLE (Line Drive, 4MD, EV 104.4 MPH) Tad Venger to second Runner from 2nd tries for 3rd, SAFE, no throw by CF
|
|
Batting: RHB Mike Gallego
|
0-0: Called Strike 0-1: Ball 1-1: Ball 2-1: Foul Ball, location: 2F 2-2: Foul Ball, location: 2F 2-2: Foul Ball, location: 2F 2-2: SINGLE (Line Drive, 7LS, EV 95.6 MPH) Tad Venger scores Eli Aldridge to second
|
|
Batting: RHB Henry Cotto
|
0-0: Fly out, F8 (Flyball, 8RM, EV 90.0 MPH)
|
|
Batting: RHB Steve Lombardozzi
|
0-0: Swinging Strike 0-1: Ball 1-1: Ball 2-1: Foul Ball, location: 2F 2-2: Fly out, F9 (Flyball, 9D, EV 105.6 MPH)
|
| Bottom of the 3rd over - 1 run, 2 hits, 0 errors, 2 left on base; Gastonia 0 - Anderson 1 |
| TOP OF THE 4TH |
|
Gastonia Rockets batting - Pitching for Anderson Rebels : RHP Steven Smith
|
|
Batting: RHB Mark Davidson
|
0-0: Ball 1-0: Ball 2-0: Called Strike 2-1: Called Strike 2-2: Ground out 5-3 (Groundball, 56, EV 83.8 MPH)
|
|
Batting: LHB Reginald Thomas
|
0-0: Ground out 3-1 (Groundball, 3S, EV 71.3 MPH)
|
|
Batting: RHB James Crawford
|
0-0: Fly out, F8 (Flyball, 8RXD, EV 78.1 MPH)
|
| Top of the 4th over - 0 runs, 0 hits, 0 errors, 0 left on base; Gastonia 0 - Anderson 1 |
| BOTTOM OF THE 4TH |
|
Anderson Rebels batting - Pitching for Gastonia Rockets : RHP Ramon Amancio
|
|
Batting: RHB Bob Brower
|
0-0: Called Strike 0-1: Ball 1-1: Swinging Strike 1-2: Ball 2-2: Ground out 6-3 (Groundball, 6, EV 84.4 MPH)
|
|
Batting: RHB Todd Demeter
|
0-0: Ball 1-0: Ball 2-0: Foul Ball, location: 2F 2-1: Foul Ball, location: 2F 2-2: Fly out, F7 (Line Drive, 7, EV 96.9 MPH)
|
|
Batting: RHB Juan Blanco
|
0-0: Ball 1-0: SINGLE (Line Drive, 89S, EV 106.3 MPH)
|
|
Batting: RHB Pat Dempsey
|
0-0: Foul Ball, location: 2F 0-1: Called Strike 0-2: DOUBLE (Groundball, 5L, EV 105.6 MPH) Juan Blanco to third
|
|
Batting: LHB Tad Venger
|
0-0: Called Strike 0-1: SINGLE (Line Drive, 4D, EV 94.4 MPH) Juan Blanco scores Pat Dempsey to third Runner from 3rd tries for Home, SAFE, throw by CF to home
|
|
Batting: LHB Eli Aldridge
|
0-0: Ball 1-0: Called Strike 1-1: Ball 2-1: Fly out, F6 (Flyball, 6D, EV 89.4 MPH)
|
| Bottom of the 4th over - 2 runs, 3 hits, 0 errors, 1 left on base; Gastonia 0 - Anderson 3 |
| TOP OF THE 5TH |
|
Gastonia Rockets batting - Pitching for Anderson Rebels : RHP Steven Smith
|
|
Batting: RHB Pat Dumouchelle
|
0-0: Ball 1-0: Ball 2-0: Fly out, F8 (Flyball, 8LXD, EV 91.3 MPH)
|
|
Batting: RHB Donald Murelli
|
0-0: Ball 1-0: Ball 2-0: Called Strike 2-1: Ball 3-1: Base on Balls
|
|
Batting: RHB Greg Tarnow
|
0-0: Ball 1-0: Foul Ball, location: 2F 1-1: Foul Ball, location: 2F 1-2: Strikes out swinging
|
|
Batting: RHB Glenn Jones
|
0-0: Called Strike 0-1: Ball 1-1: Ball 2-1: Ball Donald Murelli steals 2nd base 3-1: Fly out, F8 (Flyball, 89XD, EV 104.4 MPH)
|
| Top of the 5th over - 0 runs, 0 hits, 0 errors, 1 left on base; Gastonia 0 - Anderson 3 |
| BOTTOM OF THE 5TH |
|
Anderson Rebels batting - Pitching for Gastonia Rockets : RHP Ramon Amancio
|
|
Batting: RHB Mike Gallego
|
0-0: Called Strike 0-1: Called Strike 0-2: Ball 1-2: Ball 2-2: Fly out, F8 (Flyball, 8RD, EV 96.9 MPH)
|
|
Batting: RHB Henry Cotto
|
0-0: Ball 1-0: Called Strike 1-1: Swinging Strike 1-2: Ball 2-2: Ball 3-2: Foul Ball, location: 2F 3-2: DOUBLE (Line Drive, 9LM, EV 111.9 MPH)
|
|
Batting: RHB Steve Lombardozzi
|
0-0: Ball 1-0: Fly out, F8 (Flyball, 8LXD, EV 95.0 MPH) Runner from 2nd tags up, SAFE at 3rd, no throw by CF
|
|
Batting: RHB Bob Brower
|
0-0: Foul Ball, location: 2F 0-1: Ground out U3 (Groundball, 3, EV 87.5 MPH)
|
| Bottom of the 5th over - 0 runs, 1 hit, 0 errors, 1 left on base; Gastonia 0 - Anderson 3 |
| TOP OF THE 6TH |
|
Gastonia Rockets batting - Pitching for Anderson Rebels : RHP Steven Smith
|
|
Batting: RHB Jackie Wright
|
0-0: Called Strike 0-1: Fly out, F9 (Flyball, 9D, EV 80.6 MPH)
|
|
Batting: LHB Dale Holman
|
0-0: Foul Ball, location: 2F 0-1: Foul Ball, location: 2F 0-2: Strikes out swinging
|
|
Batting: RHB Mark Davidson
|
0-0: Ball 1-0: Ball 2-0: Fly out, F8 (Flyball, 78D, EV 83.1 MPH)
|
| Top of the 6th over - 0 runs, 0 hits, 0 errors, 0 left on base; Gastonia 0 - Anderson 3 |
| BOTTOM OF THE 6TH |
|
Anderson Rebels batting - Pitching for Gastonia Rockets : RHP Ramon Amancio
|
|
Batting: RHB Todd Demeter
|
0-0: Ground out 2-3 (Groundball, 13S, EV 64.4 MPH)
|
|
Batting: RHB Juan Blanco
|
0-0: SINGLE (Groundball, 4MD, EV 100.6 MPH)
|
|
Batting: RHB Pat Dempsey
|
0-0: Called Strike 0-1: Fly out, F5 (Popup, 5SF, EV 82.5 MPH)
|
|
Batting: LHB Tad Venger
|
0-0: Called Strike 0-1: Foul Ball, location: 2F 0-2: Ball 1-2: Foul Ball, location: 2F 1-2: Fly out, F4 (Popup, 34D, EV 56.9 MPH)
|
| Bottom of the 6th over - 0 runs, 1 hit, 0 errors, 1 left on base; Gastonia 0 - Anderson 3 |
| TOP OF THE 7TH |
|
Gastonia Rockets batting - Pitching for Anderson Rebels : RHP Steven Smith
|
|
Batting: LHB Reginald Thomas
|
0-0: Ball 1-0: Ball 2-0: Called Strike 2-1: Ball 3-1: Foul Ball, location: 2F 3-2: Ground out 2-3 (Groundball, 2L, EV 69.4 MPH)
|
|
Batting: RHB James Crawford
|
0-0: Called Strike 0-1: Foul Ball, location: 2F 0-2: Foul Ball, location: 2F 0-2: Foul Ball, location: 2F 0-2: Ball 1-2: Ground out 1-3 (Groundball, 13S, EV 72.5 MPH)
|
|
Batting: RHB Pat Dumouchelle
|
0-0: Ball 1-0: Ball 2-0: Ground out 6-3 (Groundball, 6, EV 88.8 MPH)
|
| Top of the 7th over - 0 runs, 0 hits, 0 errors, 0 left on base; Gastonia 0 - Anderson 3 |
| BOTTOM OF THE 7TH |
|
Anderson Rebels batting - Pitching for Gastonia Rockets : RHP Ramon Amancio
|
|
Batting: LHB Eli Aldridge
|
0-0: Called Strike 0-1: Swinging Strike 0-2: Foul Ball, location: 2F 0-2: Foul Ball, location: 2F 0-2: Strikes out swinging
|
|
Batting: RHB Mike Gallego
|
0-0: Ball 1-0: Swinging Strike 1-1: Fly out, F7 (Line Drive, 7, EV 90.0 MPH)
|
|
Batting: RHB Henry Cotto
|
0-0: Foul Ball, location: 2F 0-1: Ball 1-1: Ball 2-1: Fly out, F9 (Flyball, 9LM, EV 96.3 MPH)
|
| Bottom of the 7th over - 0 runs, 0 hits, 0 errors, 0 left on base; Gastonia 0 - Anderson 3 |
| TOP OF THE 8TH |
|
Gastonia Rockets batting - Pitching for Anderson Rebels : RHP Steven Smith
|
|
Batting: RHB Donald Murelli
|
0-0: TRIPLE (Flyball, 89XD, EV 109.4 MPH)
|
|
Batting: RHB Greg Tarnow
|
0-0: Called Strike 0-1: Ball 1-1: Ball 2-1: SINGLE (Line Drive, 7LS, EV 104.4 MPH) Donald Murelli scores
|
|
Batting: RHB Glenn Jones
|
0-0: Swinging Strike 0-1: Called Strike 0-2: Strikes out swinging
|
|
Batting: RHB Jackie Wright
|
0-0: Grounds into double play, 4-6-3 (Groundball, 4, EV 86.3 MPH)
|
| Top of the 8th over - 1 run, 2 hits, 0 errors, 0 left on base; Gastonia 1 - Anderson 3 |
| BOTTOM OF THE 8TH |
|
Anderson Rebels batting - Pitching for Gastonia Rockets : RHP Ramon Amancio
|
|
Batting: RHB Steve Lombardozzi
|
0-0: Ball 1-0: Foul Ball, location: 2F 1-1: Ball 2-1: Ball 3-1: SINGLE (Flyball, 8LS, EV 100.0 MPH)
|
|
Batting: RHB Bob Brower
|
0-0: Ball 1-0: Fly out, F8 (Flyball, 8RD, EV 86.3 MPH)
|
|
Batting: RHB Todd Demeter
|
0-0: Ball 1-0: Called Strike 1-1: Foul Ball, location: 2F 1-2: Ball 2-2: Ball 3-2: Strikes out looking Steve Lombardozzi steals 2nd base Batter strikes out.
|
|
Pitching: LHP David Cammack
|
|
|
Batting: RHB Juan Blanco
|
0-0: Ball 1-0: Ball 2-0: Fly out, F3 (Popup, 3F, EV 78.1 MPH)
|
| Bottom of the 8th over - 0 runs, 1 hit, 0 errors, 1 left on base; Gastonia 1 - Anderson 3 |
| TOP OF THE 9TH |
|
Gastonia Rockets batting - Pitching for Anderson Rebels : RHP Steven Smith
|
|
Pitching: LHP Newt Box
|
|
|
Batting: LHB Dale Holman
|
0-0: Ground out 4-3 (Groundball, 4M, EV 78.8 MPH)
|
|
Batting: RHB Mark Davidson
|
0-0: Ball 1-0: Called Strike 1-1: Ball 2-1: Called Strike 2-2: Ball 3-2: Base on Balls
|
|
Pinch Hitting: RHB David Daniels
|
0-0: Ball 1-0: Fly out, F8 (Flyball, 89S, EV 76.9 MPH)
|
|
Batting: RHB James Crawford
|
0-0: Ball 1-0: Foul Ball, location: 2F 1-1: Foul Ball, location: 2F 1-2: Foul Ball, location: 2F 1-2: Strikes out swinging
|
| Top of the 9th over - 0 runs, 0 hits, 0 errors, 1 left on base; Gastonia 1 - Anderson 3 |
|